 Dungeon Crawl Stone Soup version 0.32-a0-616-g9348d4545b (webtiles) character file.

Game seed: 7459627441245424273

23 sasquatch the Vexing (level 2, 0/19 HPs)
             Began as a Coglin Enchanter on Mar 5, 2024.
             Constricted to death by a ball python (1 damage)
             ... on level 1 of the Dungeon.
             The game lasted 00:00:58 (713 turns).

sasquatch the Vexing (Coglin Enchanter)              Turns: 713, Time: 00:00:58

Health: 0/19       AC:  2    Str:  8    XL:     2   Next: 95%
Magic:  5/5        EV:  2    Int: 14    God:
Gold:   25         SH:  0    Dex: 14    Spells: 5/5 levels left

rFire   . . .        a - +1 dagger {Jia}
rCold   . . .        d - +0 dagger {Bozidara}
rNeg    . . .        b - +0 robe
rPois   .            (no helmet)
rElec   .            (no cloak)
rCorr   .            (no gloves)
SInv    .            (no boots)
Will    .....        (amulet unavailable)
Stlth   ++           (ring unavailable)
HPRegen 0.23/turn    (ring unavailable)
MPRegen 0.09/turn    (no gizmo)

%: no passive effects
@: constricted, revved
A: off-hand wielding, slow wielding, warmup strikes, no jewellery
a: Invent Gizmo


You were on level 1 of the Dungeon.
You visited 1 branch of the dungeon, and saw 1 of its levels.

You collected 25 gold pieces.

Inventory:

Hand Weapons
 a - a +1 dagger (weapon) {Jia}
 d - a +0 dagger (offhand) {Bozidara}
Armour
 b - a +0 robe (worn)
Scrolls
 e - a scroll of noise {unknown}
Potions
 c - 2 potions of invisibility
 f - a potion of degeneration {unknown}


   Skills:
 * Level 2.0 Short Blades
 - Level 1.7 Dodging
 - Level 2.4 Stealth
 - Level 2.0 Spellcasting
 + Level 3.0 Hexes


You had 5 spell levels left.
You didn't know any spells.
Your spell library contained the following spells:

 Spells                   Type           Power      Damage    Failure   Level
 Ensorcelled Hibernation  Hex/Ice        10%        N/A       19%         2
 Confusing Touch          Hex            9%         N/A       21%         3
 Tukima's Dance           Hex            9%         N/A       21%         3
 Dazzling Flash           Conj/Hex       10%        N/A       36%         3


Dungeon Overview and Level Annotations

Branches:
Dungeon (1/15)

Altars:
Beogh


Innate Abilities, Weirdness & Mutations

You can wield a second weapon in your off-hand.
It takes a long time for you to wield or remove held weapons.
Your first few attacks do less damage.
You cannot equip rings or amulets.


Message History

You closely miss the jackal with your +0 dagger.
The jackal bites you.
Unknown command.
You hit the jackal with your +1 dagger.
The jackal is almost dead.
You closely miss the jackal with your +0 dagger.
The jackal barely misses you.
You barely miss the jackal with your +0 dagger.
The jackal is almost dead.
You hit the jackal but do no damage. The jackal bites you.
The jackal misses you.
Unknown command.
You closely miss the jackal with your +0 dagger.
The jackal is almost dead.
You hit the jackal but do no damage. The jackal bites you.
You hit the jackal with your +1 dagger.
You kill the jackal!
The gnoll hits you from afar with a +0 spear.
Your Short Blades skill increases to level 2!
Found a scroll labelled CODIKE TIUDEU.
The ball python barely misses you. The ball python grabs you.
The ball python constricts you. The gnoll hits you with a +0 spear.
The ball python bites you but does no damage.
The ball python constricts you.
You hit the gnoll but do no damage. You hit the gnoll with your +1 dagger.
The gnoll hits you with a +0 spear. The ball python bites you.
The ball python constricts you.
Unknown command.
You barely miss the gnoll with your +0 dagger.
The gnoll is moderately wounded.
You hit the gnoll with your +1 dagger. The ball python barely misses you.
The ball python constricts you. The gnoll hits you with a +0 spear.
* * * LOW HITPOINT WARNING * * *
Unknown command.
You hit the gnoll but do no damage.
The gnoll is heavily wounded.
You hit the gnoll with your +1 dagger. The ball python bites you.
* * * LOW HITPOINT WARNING * * *
The ball python constricts you.
You die...

#..........#######...
#...............#####
#.....>.........# #.. .
######..........# #.#
..#########.#+########.#
.........##.#.###......#
.........##.#.........##
.........##...........##
......g@.'.....###.#....
......S..#####.###.#.###
.........# #.......#.#
.........# #.#.....#.#
.........###.#.....#.###
......?.................
?......................#
.................####..#
#........# #..#


You could see a gnoll and a ball python.

Vanquished Creatures
  A dart slug (D:1)
  A bat (D:1)
  3 giant cockroaches (D:1)
  2 goblins (D:1)
  5 jackals (D:1)
  A ball python (D:1)
  A kobold (D:1)
  5 rats (D:1)
19 creatures vanquished.

Notes
Turn   | Place    | Note
-------+----------+-------------------------------------------
     0 | D:1      | sasquatch the Coglin Enchanter began the quest for the Orb.
     0 | D:1      | Reached XP level 1. HP: 13/13 MP: 3/3
    30 | D:1      | Reached skill level 1 in Short Blades
   119 | D:1      | Reached XP level 2. HP: 15/19 MP: 4/4
   504 | D:1      | Found a roughly hewn altar of Beogh.
   542 | D:1      | Found a faded altar of an unknown god.
   701 | D:1      | Reached skill level 3 in Hexes
   713 | D:1      | Constricted to death by a ball python

Illustrated notes

Levels and vault maps discovered:
D:1:      lemuel_arrival_hallway, layout_basic,
          hellmonk_ecumenical_altar_defaced_shrine, minmay_tetromino_s4

Skill      XL: |  1  2 |
---------------+-------+-----
Short Blades   | 1 2 |  2.0
Spellcasting   | 2 |  2.0
Hexes          | 3 |  3.0
Dodging        | |  1.7
Stealth        | |  2.4

Action                     || total
---------------------------++-------
  Melee: Dagger            ||   120
 Armour: Robe              ||    43
  Dodge: Dodged            ||    44

Table legend: (Time is in decaauts)
 A = Elapsed time spent in this place.
 B = Non-inter-level travel time spent in this place.
 C = Inter-level travel time spent in this place.
 D = Time resting spent in this place.
 E = Time spent auto-exploring this place.
 F = Levels seen in this place.
 G = Mean time per level.
                   A        B        C        D        E       F      G
               +--------+--------+--------+--------+--------+-----+--------+
         Total |    708 |    708 |      0 |      0 |    605 |   1 |  708.0 |
       Dungeon |    708 |    708 |      0 |      0 |    605 |   1 |  708.0 |
               +--------+--------+--------+--------+--------+-----+--------+

Top non-repeatable levels by time:
     D:1: 708 daAuts
